 Dungeon Crawl Stone Soup version 0.27.1-33-g824d729ab1 (webtiles) character file.

Game seed: 9949444429581383910

39 Tigers101 the Skirmisher (level 3, -1/31 HPs)
             Began as a Demigod Wanderer on Dec 12, 2021.
             Slain by an adder (2 damage)
             ... on level 2 of the Dungeon.
             The game lasted 00:04:15 (1086 turns).

Tigers101 the Skirmisher (Demigod Wanderer)         Turns: 1086, Time: 00:04:16

Health: -1/31      AC:  3    Str: 16    XL:     3   Next: 13%
Magic:  5/5        EV: 12    Int: 13    God:
Gold:   29         SH:  0    Dex: 15    Spells: 2/2 levels left

rFire    . . .     SeeInvis .   e - staff of death
rCold    . . .     Faith    .   (no shield)
rNeg     + . .     Spirit   .   d - +0 robe
rPois    .         Reflect  .   (no helmet)
rElec    .         Harm     .   c - +0 cloak
rCorr    .         Rampage  .   (no gloves)
Will     .....                  (no boots)
Stlth    +.........             (no amulet)
HPRegen  0.10/turn              (no ring)
MPRegen  0.09/turn              (no ring)

@: no status effects
A: high mp 1, forlorn
a: no special abilities


You were on level 2 of the Dungeon.
You visited 1 branch of the dungeon, and saw 2 of its levels.

You collected 29 gold pieces.

Inventory:

Hand Weapons
 a - a +2 dagger
Missiles
 b - a curare-tipped dart (quivered)
 h - 16 bolts
Armour
 c - a +0 cloak (worn)
 d - a +0 robe (worn)
 f - a +0 ring mail
Magical Staves
 e - a staff of death (weapon)
Scrolls
 i - a scroll of magic mapping {unknown}
 j - a scroll of identify {unknown}
Potions
 g - a potion of heal wounds {unknown}


   Skills:
 + Level 3.2 Fighting
 + Level 0.4(1.3) Short Blades
 + Level 2.0 Long Blades
 + Level 0.1 Staves
 + Level 1.3 Throwing
 + Level 2.0 Armour
 + Level 1.3 Dodging
 + Level 0.2 Stealth
 + Level 1.0 Shields


You had 2 spell levels left.
You didn't know any spells.
Your spell library was empty.

Dungeon Overview and Level Annotations

Branches:
Dungeon (2/15)


Innate Abilities, Weirdness & Mutations

Your attributes grow dramatically as you level up.
You have an increased reservoir of magic. (+10% MP)
You shall have no god before yourself.


Message History

The adder is severely wounded.
The adder closely misses you. The adder bites you.
You barely miss the adder.
The adder is severely wounded.
The adder bites you.
You are poisoned.
The adder poisons you! The adder bites you but does no damage.
You miss the adder.
The adder is severely wounded.
You feel sick. The adder bites you but does no damage.
You hit the adder but do no damage.
The adder is severely wounded.
You feel sick. The adder bites you.
You are more poisoned.
The adder poisons you!
You closely miss the adder.
The adder is severely wounded.
You feel sick. The adder closely misses you. The adder misses you.
You hit the adder.
The adder is almost dead.
You feel sick. The adder bites you but does no damage.
You closely miss the adder.
The adder is almost dead.
You feel sick. The adder barely misses you. The adder misses you.
You barely miss the adder.
The adder is almost dead.
You feel sick. The adder bites you.
* * * LOW HITPOINT WARNING * * *
The adder bites you but does no damage.
You closely miss the adder.
The adder is almost dead.
You feel sick. The adder bites you.
* * * LOW HITPOINT WARNING * * *
You closely miss the adder.
The adder is almost dead.
* * * LOW HITPOINT WARNING * * *
You feel sick.
You are no longer poisoned.
The adder bites you.
You die...

.. ####..###.. .
(.######.........# .
..............##.# ...#
..............†..###...#
#........†..............
#.........###...######
#.........# #.### #
####..S.....# #...# #
.......@.<..# ###.####
####...<....# #....###
#...:......# ####.##.
#.########## #.... #..
#..## ## #<.# ####


You could see an adder.

Vanquished Creatures
  An adder (D:2)
  A dart slug (D:1)
  3 bats (D:2)
  3 giant cockroaches (D:1)
  3 goblins
  A hobgoblin (D:1)
  4 kobolds (D:1)
  2 quokkas
  6 ball pythons
  2 frilled lizards (D:1)
  3 rats (D:1)
29 creatures vanquished.

Notes
Turn   | Place    | Note
-------+----------+-------------------------------------------
     0 | D:1      | Tigers101 the Demigod Wanderer began the quest for the Orb.
     0 | D:1      | Tigers101 set off with the following items: a +2 dagger, 3
                  | curare-tipped darts, 2 potions of curing, a +0 robe
     0 | D:1      | Reached XP level 1. HP: 18/18 MP: 3/3
    92 | D:1      | Reached skill level 3 in Fighting
   369 | D:1      | Reached XP level 2. HP: 16/26 MP: 4/4
   889 | D:1      | You fall into a shaft and drop 1 floor!
   895 | D:2      | Reached XP level 3. HP: 24/31 MP: 5/5
   901 | D:2      | Noticed a floating eye
  1015 | D:2      | Noticed an eye of devastation
  1085 | D:2      | HP: 1/31 [adder (1)]
  1086 | D:2      | Slain by an adder

Illustrated notes

Levels and vault maps discovered:
D:1:      dpeg_arrival_shelter, layout_rooms, minmay_misc_feat_x,
          chequers_serial_rivers_micro_e, hangedman_decor_push,
          wander_ebering_terrifying_dragon_lair
D:2:      layout_rooms, hellmonk_ecumenical_altar_watching_god,
          grunt_ministairs_10, hex_intersection, hangedman_decor_lopped

Skill      XL: |  1  2 |
---------------+-------+-----
Fighting       | 3 |  3.2
Armour         | 2 |  2.0
Long Blades    | 2 |  2.0
Short Blades   | |  0.4
Staves         | |  0.1
Throwing       | |  1.3
Dodging        | |  1.3
Stealth        | |  0.2
Shields        | |  1.0

Action                   || total
-------------------------++-------
Melee: Dagger            ||    67
       Staff             ||    65
Throw: Dart              ||     7
  Use: Potion            ||     3
       Scroll            ||     1
Armor: Robe              ||    64
Dodge: Dodged            ||   139
